 Dungeon Crawl Stone Soup version 0.23-a0-408-g9d4b7ed (webtiles) character file.

12 MisterFreud the Scratcher (level 2, -3/12 HPs)
             Began as a Felid Transmuter on Nov 8, 2018.
             Slain by a hobgoblin
             ... wielding a +0 club
              (5 damage)
             ... on level 1 of the Dungeon.
             The game lasted 00:00:54 (342 turns).

MisterFreud the Scratcher (Felid Transmuter)         Turns: 342, Time: 00:00:55

Health: -3/12      AC:  1    Str:  6    XL:     2   Next: 20%
Magic:  5/6        EV: 18    Int: 14    God:
Gold:   63         SH:  0    Dex: 16    Spells: 4/5 levels left
                                        Lives:  0   Deaths: 0

rFire    . . .     SeeInvis +     - Unarmed
rCold    . . .     Gourm    .   (shield unavailable)
rNeg     . . .     Faith    .   (armour unavailable)
rPois    .         Spirit   .   (helmet unavailable)
rElec    .         Reflect  .   (cloak unavailable)
rCorr    .         Harm     .   (gloves unavailable)
MR       .....                  (boots unavailable)
Stlth    +++.......             (no amulet)
HPRegen  0.04/turn              (no ring)
MPRegen  0.10/turn              (no ring)

@: appendage, quick
A: very small, no armour, no weapons or thrown items, stealth, claws 1, fangs 3,
horns 2, see invisible, carnivore, speed 1, shaggy fur 1, slow metabolism 1,
sharp paws
a: End Transformation


You were on level 1 of the Dungeon.
You were very full.
You had grown temporary horns.
You visited 1 branch of the dungeon, and saw 1 of its levels.

You collected 63 gold pieces.

Inventory:

Missiles
 a - 37 arrows
Scrolls
 d - a scroll of identify {unknown}
Potions
 b - a potion of haste {unknown}
 e - a potion of lignification {unknown}
Comestibles
 c - 2 rations


   Skills:
 - Level 1.0 Fighting
 - Level 2.6 Dodging
 + Level 2.9 Stealth
 - Level 3.0 Unarmed Combat
 - Level 2.0 Spellcasting
 - Level 2.1 Transmutations


You had 4 spell levels left.
You knew the following spells:

 Your Spells              Type           Power        Failure   Level  Hunger
a - Beastly Appendage     Tmut           #.....       10%         1    ##.....

Your spell library contained the following spells:

 Spells                   Type           Power        Failure   Level  Hunger
 Sticks to Snakes         Tmut           #.......     14%         2    ###....
 Spider Form              Tmut/Pois      #.........   41%         3    ####...
 Ice Form                 Ice/Tmut       #.......     83%         4    #####..
 Blade Hands              Tmut           #.........   95%         5    ######.


Dungeon Overview and Level Annotations

Branches:
Dungeon (1/15)

Altars:


Innate Abilities, Weirdness & Mutations

You cannot wear armour.
You are incapable of wielding weapons or throwing items.
Your paws allow you to move quietly. (Stealth)
You have sharp claws.
You have razor-sharp teeth.
You have supernaturally acute eyesight. (SInv)
You are carnivorous and can eat meat at any time.
You cover ground quickly.
You are covered in fur. (AC +1)
You have a slow metabolism.
Your sharp claws are effective at attacking unaware monsters.
You have a pair of horns on your head.


Message History

The hobgoblin is moderately wounded.
The hobgoblin barely misses you.
You scratch the hobgoblin but do no damage.
You bite the hobgoblin, but do no damage.
The hobgoblin is moderately wounded.
Your horns disappear.
The hobgoblin misses you.
Casting: Beastly Appendage (safe; 10% risk of failure)
Confirm with . or Enter, or press ? or * to list all spells.
You grow a pair of large bovine horns.
The hobgoblin misses you.
You scratch the hobgoblin but do no damage.
You headbutt the hobgoblin.
The hobgoblin is severely wounded.
The hobgoblin hits you with a +0 club.
* * * LOW HITPOINT WARNING * * *
You scratch the hobgoblin but do no damage.
You headbutt the hobgoblin, but do no damage.
The hobgoblin is severely wounded.
The hobgoblin hits you with a +0 club.
You die...

... #....## ..
#..###.....####.# #
.......#.g.r....##.#
.......#......#....#
>......+........#
....$..##(##....#
#...(##..#.# ....
#g##.......#
.....##@####..##.#
........# #%.# .#
......#### #..##.#
.........# #.....#
#####.##.###.######
#.............##.#
#....###.#.##.##.###
#..### #.......#...#
####..###
###.#.....#.#


You could see a hobgoblin.

Vanquished Creatures
  A bat (D:1)
  A giant cockroach (D:1)
  A goblin (D:1)
  A hobgoblin (D:1)
  4 jackals (D:1)
  A frilled lizard (D:1)
  A rat (D:1)
10 creatures vanquished.

Notes
Turn   | Place    | Note
-------+----------+-------------------------------------------
     0 | D:1      | MisterFreud the Felid Transmuter began the quest for the
                  | Orb.
     0 | D:1      | Reached XP level 1. HP: 9/9 MP: 4/4
    26 | D:1      | Reached skill level 1 in Stealth
   275 | D:1      | Reached XP level 2. HP: 12/12 MP: 4/6
   342 | D:1      | Slain by a hobgoblin

Vault maps used:
D:1:      lemuel_arrival_rhombus

Skill      XL: |  1 |
---------------+----+-----
Stealth        | 2 |  2.9
Fighting       | |  1.0
Dodging        | |  2.6
Unarmed Combat | |  3.0
Spellcasting   | |  2.0
Transmutations | |  2.1

Action                   || total
-------------------------++-------
Melee: Unarmed           ||    37
       Headbutt          ||     9
       Bite              ||     4
 Cast: Beastly Appendage ||     6
  Eat: Chunk             ||     5
Dodge: Dodged            ||    27

Table legend:
 A = Non-vault XP
 B = Vault XP
 C = Vault XP percentage of total XP
 D = Non-vault monster count
 E = Vault monster count
 F = Vault count percentage of total count
                 A         B        C        D         E       F
            +---------+---------+-------+---------+---------+-------
      Total |      18 |       0 |   0.0 |      10 |       0 |   0.0
            +---------+---------+-------+---------+---------+-------
        D:1 |      18 |       0 |   0.0 |      10 |       0 |   0.0
            +---------+---------+-------+---------+---------+-------
